Workbook
Name DOCENTE: #REF!
Name FORMACION: INGRESOS!$A$45:$A$51
Name FORMAL_Y_NO_FORMAL: INGRESOS!$B$45:$B$52

Sheet CONSOLIDADO
B2: FORMATO Elaboración Presupuestal Extensión Universitario | E2: Código: R-PO007
E3: Versión: 003
B4: PROCESO Planeación Financiera | E4: Fecha de Vigencia: 15/09/2022
A6: NOMBRE CENTRO DE COSTO | D6: RESPONSABLE
A7: No. ASISTENTES | D7: CENTRO DE COSTO
A8: FECHA DE INICIO | D8: F. TERMINACION
A9: 1. INGRESOS
A10: CONCEPTO | C10: CANT | D10: VALOR UNIT. | E10: VALOR TOTAL
A11: Formacion Extensiva
A12: Congresos | E12: =+INGRESOS!E14 -> 0
A13: Diplomados | E13: =+INGRESOS!E15 -> 0
A14: Seminarios | E14: =+INGRESOS!E16 -> 0
A15: Inscripción Diplomados | E15: =IF(INGRESOS!A2="EXTENSIVA",INGRESOS!E7,0) -> 0
A16: Cursos de Actualización | E16: =+INGRESOS!E17 -> 0
A17: Conferencias | E17: =+INGRESOS!E18 -> 0
A18: Talleres | E18: =+INGRESOS!E19 -> 0
A19: Descuentos | C19: 0 | E19: =-IF(INGRESOS!A2="EXTENSIVA",INGRESOS!E27,0) -> 0
A20: Becas | C20: 0 | E20: =-IF(INGRESOS!A2="EXTENSIVA",INGRESOS!E26,0) -> 0
A21: Otros Ingresos
A22: Convenios | E22: =INGRESOS!E34 -> 0
A23: TOTAL INGRESOS | E23: =SUM(E12:E22) -> 0
A25: 2. DESEMBOLSOS
A28: Honorarios
A29: Honorarios - Trabajos especiales | E29: ='COSTOS Y GASTOS'!E22 -> 0
A30: Honorarios - Docentes | E30: ='COSTOS Y GASTOS'!E10 -> 0
A31: Sub Total | E31: =SUM(E29:E30) -> 0
A32: Gastos de Viaje Docentes
A33: Pasajes Aereos - Docente | E33: =+'COSTOS Y GASTOS'!E29 -> 0
A34: Hospedaje y Alimentación - Docente | E34: =+'COSTOS Y GASTOS'!E36 -> 0
A35: Transporte Terrestre - Docente (fuera de la ciudad) | E35: =+'COSTOS Y GASTOS'!E43 -> 0
A36: Viaticos - Docente | E36: =+'COSTOS Y GASTOS'!E50 -> 0
A37: Sub Total | E37: =SUM(E33:E36) -> 0
A38: Arrendamientos Operativos
A39: Bienes Muebles | E39: =+'COSTOS Y GASTOS'!E55 -> 0
A40: Bienes Inmuebles | E40: =+'COSTOS Y GASTOS'!E56 -> 0
A41: Sub Total | E41: =SUM(E39:E40) -> 0
A42: Impresiones, Publicaciones, Suscripciones y Afiliaciones
A43: Publicaciones | E43: =+'COSTOS Y GASTOS'!E62 -> 0
A44: Suscripciones y Afiliaciones | E44: =+'COSTOS Y GASTOS'!E63 -> 0
A45: Sub Total | E45: =SUM(E43:E44) -> 0
A46: Seguros
A47: De cumplimiento | E47: ='COSTOS Y GASTOS'!E68 -> 0
A48: Estudiantil | E48: ='COSTOS Y GASTOS'!E69 -> 0
A49: Activos Fijos | E49: ='COSTOS Y GASTOS'!E70 -> 0
A50: Otros Seguros | E50: ='COSTOS Y GASTOS'!E71 -> 0
A51: Sub Total | E51: =SUM(E47:E50) -> 0
A52: Servicios
A53: Plublicidad y Propaganda | E53: ='COSTOS Y GASTOS'!E79 -> 0
A54: Otros Gastos Servicios | E54: =+'COSTOS Y GASTOS'!E78 -> 0
A55: Sub Total | E55: =SUM(E53:E54) -> 0
A56: Gastos Legales
A57: Notariales | E57: =+'COSTOS Y GASTOS'!E84 -> 0
A58: Tramites y licencias | E58: =+'COSTOS Y GASTOS'!E85 -> 0
A59: Sub Total | E59: =SUM(E57:E58) -> 0
A60: Diversos
A61: Fotocopias | E61: ='COSTOS Y GASTOS'!E91 -> 0
A62: Materiales de Educación | E62: ='COSTOS Y GASTOS'!E92 -> 0
A63: Implementos Deportivos | E63: ='COSTOS Y GASTOS'!E93 -> 0
A64: Eventos Culturales | E64: ='COSTOS Y GASTOS'!E94 -> 0
A65: Combustibles y Lubricantes | E65: ='COSTOS Y GASTOS'!E95 -> 0
A66: Procesamiento de Informacion | E66: ='COSTOS Y GASTOS'!E96 -> 0
A67: Elementos de Aseo y Cafeteria | E67: ='COSTOS Y GASTOS'!E97 -> 0
A68: Utiles y Papeleria | E68: ='COSTOS Y GASTOS'!E98 -> 0
A69: Material Didactico | E69: ='COSTOS Y GASTOS'!E99 -> 0
A70: Taxis y Buses | E70: ='COSTOS Y GASTOS'!E100 -> 0
A71: Casino y Restaurante (Almuerzos) | E71: ='COSTOS Y GASTOS'!E101 -> 0
A72: Casino y Restaurante (Refrigerios) | E72: ='COSTOS Y GASTOS'!E102 -> 0
... A80: Otros Insumos | E80: ='COSTOS Y GASTOS'!E110 -> 0
A81: Sub Total | E81: =SUM(E61:E80) -> 0
A82: Apoyo Academico, Administrativo, Planta Fisica
A83: =+A82 -> Apoyo Academico, Administrativo, Planta Fisica | C83: 0 | E83: =E23*C83 -> 0
A84: Sub Total | E84: =SUM(E83) -> 0
A87: TOTAL DESEMBOLSOS | E87: =+E31+E41+E45+E51+E55+E59+E37+E81+E84 -> 0
A89: EXCEDENTE O DEFICIT | E89: =E23-E87 -> 0

Sheet INGRESOS
A1: ANEXOS INGRESOS
A2: EXTENSIVA
A4: INGRESO POR INSCRIPCIONES
A6: CURSO | B6: No. ESTUDIANTES | C6: Total | E6: TOTAL
A7: Diplomados | C7: =+B7 -> 0 | D7: 0 | E7: =+D7*C7 -> 0
A8: TOTAL | B8: =SUM(B7) -> 0 | C8: =SUM(C7) -> 0 | D8: =SUM(D7) -> 0 | E8: =SUM(E7) -> 0
A11: INGRESO EXTENSIVA Y CONTINUADA
A13: CURSO | B13: No. ESTUDIANTES | C13: Total | E13: TOTAL
A14: Congresos | C14: =+B14 -> 0 | D14: 0 | E14: =+C14*D14 -> 0
A15: Diplomados | C15: =+B15 -> 0 | D15: 0 | E15: =+C15*D15 -> 0
A16: Seminarios | C16: =+B16 -> 0 | D16: 0 | E16: =+C16*D16 -> 0
A17: Cursos | C17: =+B17 -> 0 | D17: 0 | E17: =+C17*D17 -> 0
A18: Conferencias | C18: =+B18 -> 0 | D18: 0 | E18: =+C18*D18 -> 0
A19: talleres | C19: =+B19 -> 0 | D19: 0 | E19: =+C19*D19 -> 0
A20: TOTAL | B20: =SUM(B14:B19) -> 0 | C20: =SUM(C14:C19) -> 0 | D20: =SUM(D14:D19) -> 0 | E20: =SUM(E14:E19) -> 0
A23: DESCUENTOS BECAS
A25: CURSO | B25: No. ESTUDIANTES | C25: Total
A26: Becas | C26: =+B26 -> 0 | D26: 0 | E26: =+C26*D26 -> 0
A27: Descuentos | C27: =+B27 -> 0 | D27: 0 | E27: =+C27*D27 -> 0
A28: TOTAL | B28: =SUM(B26:B27) -> 0 | C28: =SUM(C26:C27) -> 0 | D28: =SUM(D26:D27) -> 0 | E28: =SUM(E26:E27) -> 0
A31: OTROS INGRESOS
A33: CURSO | B33: No. ESTUDIANTES | C33: Total
A34: Convenios | C34: =+B34 -> 0 | D34: 0 | E34: =C34*D34 -> 0
A35: TOTAL | B35: =SUM(B34) -> 0 | C35: =SUM(C34) -> 0 | D35: =SUM(D34) -> 0 | E35: =SUM(E34) -> 0
A44: FORMACION | B44: FORMAL Y NO FORMAL
A46: TECNICO | B46: CONGRESO
A47: TECNOLOGIA | B47: DIPLOMADO
A48: PROFESIONAL | B48: SEMINARIO
A49: POSTGRADO | B49: CURSO DE ACTUALIZACION
A50: EXTENSIVA | B50: CONFERENCIA
A51: CONTINUADA | B51: TALLER
B52: OTROS

Sheet COSTOS Y GASTOS
A1: ANEXOS COSTOS Y GASTOS
A3: HONORARIOS DOCENTES Y/O CONFERENCISTAS
A4: CONCEPTO | C4: CANTIDAD | D4: VALOR | E4: V / TOTAL | F4: MOTIVO
D5: 0 | E5: =+C5*D5 -> 0
D6: 0 | E6: =+C6*D6 -> 0
D7: 0 | E7: =+C7*D7 -> 0
D8: 0 | E8: =+C8*D8 -> 0
D9: 0 | E9: =+C9*D9 -> 0
A10: TOTAL | C10: =SUM(C5:C9) -> 0 | D10: =SUM(D5:D9) -> 0 | E10: =SUM(E5:E9) -> 0
A13: HONORARIOS POR TRABAJOS ESPECIALES
A14: CONCEPTO | C14: CANTIDAD | D14: VALOR | E14: V / TOTAL | F14: MOTIVO
D15: 0 | E15: =+C15*D15 -> 0
D16: 0 | E16: =+C16*D16 -> 0
D17: 0 | E17: =+C17*D17 -> 0
D18: 0 | E18: =+C18*D18 -> 0
D19: 0 | E19: =+C19*D19 -> 0
D20: 0 | E20: =+C20*D20 -> 0
D21: 0 | E21: =+C21*D21 -> 0
A22: TOTAL | C22: =SUM(C15:C21) -> 0 | D22: =SUM(D15:D21) -> 0 | E22: =SUM(E15:E21) -> 0
A25: PASAJES AEREOS DOCENTES
A26: CONCEPTO | C26: CANTIDAD | D26: VALOR | E26: V / TOTAL | F26: MOTIVO
D27: 0 | E27: =+C27*D27 -> 0
D28: 0 | E28: =+C28*D28 -> 0
A29: TOTAL | C29: =SUM(C27:C28) -> 0 | D29: =SUM(D27:D28) -> 0 | E29: =SUM(E27:E28) -> 0
A32: HOSPEDAJE Y ALIMENTACION DOCENTES
A33: CONCEPTO | C33: CANTIDAD | D33: VALOR | E33: V / TOTAL | F33: MOTIVO
D34: 0 | E34: =+C34*D34 -> 0
D35: 0 | E35: =+C35*D35 -> 0
A36: TOTAL | C36: =SUM(C34:C35) -> 0 | D36: =SUM(D34:D35) -> 0 | E36: =SUM(E34:E35) -> 0
A39: TRANSPORTE TERRESTRE DOCENTES
A40: CONCEPTO | C40: CANTIDAD | D40: VALOR | E40: V / TOTAL | F40: MOTIVO
D41: 0 | E41: =+C41*D41 -> 0
D42: 0 | E42: =+C42*D42 -> 0
A43: TOTAL | C43: =SUM(C41:C42) -> 0 | D43: =SUM(D41:D42) -> 0 | E43: =SUM(E41:E42) -> 0
A46: VIATICOS DOCENTES
A47: CONCEPTO | C47: CANTIDAD | D47: VALOR | E47: V / TOTAL | F47: MOTIVO
D48: 0 | E48: =+C48*D48 -> 0
D49: 0 | E49: =+C49*D49 -> 0
A50: TOTAL | C50: =SUM(C48:C49) -> 0 | D50: =SUM(D48:D49) -> 0 | E50: =SUM(E48:E49) -> 0
A53: ARRENDAMIENTOS
A54: CONCEPTO | C54: CANTIDAD | D54: VALOR | E54: V / TOTAL | F54: MOTIVO
A55: Bienes Muebles | D55: 0 | E55: =+C55*D55 -> 0
A56: Bienes Inmuebles | D56: 0 | E56: =+C56*D56 -> 0
A57: TOTAL | C57: =SUM(C55:C56) -> 0 | D57: =SUM(D55:D56) -> 0 | E57: =SUM(E55:E56) -> 0
A60: PUBLICACIONES, SUSCRIPCIONES Y AFILIACIONES
A61: CONCEPTO | C61: CANTIDAD | D61: VALOR | E61: V / TOTAL | F61: MOTIVO
A62: Publicaciones | D62: 0 | E62: =+C62*D62 -> 0
A63: Suscripciones y Afiliaciones | D63: 0 | E63: =+C63*D63 -> 0
A64: TOTAL | C64: =SUM(C62:C63) -> 0 | D64: =SUM(D62:D63) -> 0 | E64: =SUM(E62:E63) -> 0
A66: SEGUROS
A67: CONCEPTO | C67: CANTIDAD | D67: VALOR | E67: V / TOTAL | F67: MOTIVO
A68: De cumplimiento | D68: 0 | E68: =+C68*D68 -> 0
A69: Estudiantil | D69: 0 | E69: =+C69*D69 -> 0
A70: Activos Fijos | D70: 0 | E70: =+C70*D70 -> 0
A71: Otros Seguros | D71: 0 | E71: =+C71*D71 -> 0
A72: TOTAL | C72: =SUM(C68:C71) -> 0 | D72: =SUM(D68:D71) -> 0 | E72: =SUM(E68:E71) -> 0
A75: SERVICIOS - PUBLICIDAD Y PROPAGANDA
A76: CONCEPTO | C76: CANTIDAD | D76: VALOR | E76: V / TOTAL | F76: MOTIVO
A77: Publicidad | D77: 0 | E77: =+C77*D77 -> 0
A78: Otros Gastos Servicios | D78: 0 | E78: =+C78*D78 -> 0
A79: TOTAL | C79: =SUM(C77:C78) -> 0 | D79: =SUM(D77:D78) -> 0 | E79: =SUM(E77:E78) -> 0
A82: GASTOS LEGALES O TRAMITES
A83: CONCEPTO | C83: CANTIDAD | D83: VALOR | E83: V / TOTAL | F83: MOTIVO
A84: Notariales | D84: 0 | E84: =+C84*D84 -> 0
A85: Tramites y Licencias | D85: 0 | E85: =+C85*D85 -> 0
A86: TOTAL | C86: =SUM(C84:C85) -> 0 | D86: =SUM(D84:D85) -> 0 | E86: =SUM(E84:E85) -> 0
A89: DIVERSOS
A90: CONCEPTO | C90: CANTIDAD | D90: VALOR | E90: V / TOTAL | F90: MOTIVO
A91: Fotocopias | D91: 0 | E91: =+C91*D91 -> 0
A92: Materiales de Educación | D92: 0 | E92: =+C92*D92 -> 0
A93: Implementos Deportivos | D93: 0 | E93: =+C93*D93 -> 0
A94: Eventos Culturales | D94: 0 | E94: =+C94*D94 -> 0
A95: Combustibles y Lubricantes | D95: 0 | E95: =+C95*D95 -> 0
A96: Procesamiento de Informacion | D96: 0 | E96: =+C96*D96 -> 0
A97: Elementos de Aseo y Cafeteria | D97: 0 | E97: =+C97*D97 -> 0
A98: Utiles y Papeleria | D98: 0 | E98: =+C98*D98 -> 0
A99: Material Didactico | D99: 0 | E99: =+C99*D99 -> 0
A100: Taxis y Buses | D100: 0 | E100: =+C100*D100 -> 0
A101: Casino y Restaurante (Almuerzos) | D101: 0 | E101: =+C101*D101 -> 0
A102: Casino y Restaurante (Refrigerios) | D102: 0 | E102: =+C102*D102 -> 0
... A110: Otros Insumos | D110: 0 | E110: =+C110*D110 -> 0
A111: TOTAL | C111: =SUM(C91:C110) -> 0 | D111: =SUM(D91:D110) -> 0 | E111: =SUM(E91:E110) -> 0
